 Dungeon Crawl Stone Soup version 0.30-a0-793-g160f7cfddd (webtiles) character file.

Game seed: 3082277559536376885

84 iguanaiguana the Magician (level 4, -6/30 HPs)
             Began as a Mummy Venom Mage on Feb 20, 2023.
             Mangled by a gnoll
             ... wielding a +0 flail
              (8 damage)
             ... on level 3 of the Dungeon.
             The game lasted 00:05:08 (2559 turns).

iguanaiguana the Magician (Mummy Venom Mage)        Turns: 2559, Time: 00:05:09

Health: -6/30      AC:  2    Str: 11    XL:     4   Next: 24%
Magic:  3/8        EV: 12    Int: 16    God:
Gold:   134        SH:  0    Dex: 12    Spells: 6/9 levels left

rFire   x . .      SeeInvis .    d - staff of earth
rCold   + . .      Faith    +    (no shield)
rNeg    + + +      Spirit   .    a - +0 robe
rPois   ∞          Reflect  .    (no helmet)
rElec   .          Harm     .    (no cloak)
rCorr   .          Rampage  .    (no gloves)
Will    .....                    (no boots)
Stlth   ++                       (no amulet)
HPRegen 0.25/turn                (no ring)
MPRegen 0.11/turn                (no ring)

@: no status effects
A: cold resistance 1, negative energy resistance 3, torment resistance 2, heat
vulnerability 1, in touch with death 1, no potions, faith
a: no special abilities


You were on level 3 of the Dungeon.
You visited 1 branch of the dungeon, and saw 3 of its levels.

You collected 134 gold pieces.

Inventory:

Hand Weapons
 c - a +0 dagger
Armour
 a - a +0 robe (worn)
Magical Staves
 d - a staff of earth (weapon)
Scrolls
 b - a scroll of teleportation {unknown}
 e - 6 scrolls of identify {unknown}
 f - a scroll of blinking {unknown}
 g - a scroll of enchant weapon {unknown}
 h - a scroll of vulnerability {unknown}
 i - a scroll of acquirement {unknown}
 j - a scroll of magic mapping {unknown}
 k - a scroll of fear {unknown}


   Skills:
 - Level 1.5 Dodging
 - Level 3.0 Stealth
 + Level 3.1 Spellcasting
 - Level 0.7 Transmutations
 - Level 2.0 Air Magic
 - Level 2.4 Poison Magic


You had 6 spell levels left.
You knew the following spells:

 Your Spells              Type           Power      Damage    Failure   Level
a - Sting                 Tmut/Pois      28%        1d4       10%         1
b - Poisonous Vapours     Pois/Air       18%        N/A       12%         2

Your spell library contained the following spells:

 Spells                   Type           Power      Damage    Failure   Level
 Mephitic Cloud           Conj/Pois/Air  7%         N/A       30%         3
 Olgreb's Toxic Radiance  Pois           10%        N/A       56%         4
 Fireball                 Conj/Fire      1%         3d3       99%         5
 Iskenderun's Battlesphe  Conj           2%         2d6       99%         5
 Conjure Ball Lightning   Conj/Air       2%         3x3d6     100%        6
 Orb of Destruction       Conj           1%         9d5       100%        7


Dungeon Overview and Level Annotations

Branches:
Dungeon (3/15) Zot: 15427

Altars:

Shops:
D:1 (   D:2 !


Innate Abilities, Weirdness & Mutations

You are immune to poison.
Your flesh is cold resistant. (rC+)
You are immune to negative energy. (rN+++)
You are immune to unholy pain and torment.
You are vulnerable to heat. (rF-)
You are in touch with the powers of death.
You do not drink.
You have a special connection with the divine. (Faith)


Message History

You can't see any susceptible monsters within range! (Use Z to cast anyway.)
You can't see any susceptible monsters within range! (Use Z to cast anyway.)
You miscast Sting.
You are very lightly contaminated with residual magic.
Nothing appears to happen.
A jackal comes into view.
The sting hits the gnoll.
The gnoll is poisoned.
The gnoll is lightly wounded.
The sting hits the gnoll.
The gnoll looks even sicker.
The gnoll is moderately wounded.
The sting misses the gnoll.
The sting hits the jackal.
The jackal is poisoned.
The jackal is heavily wounded.
The gnoll hits you with a +0 flail!
You hit the gnoll.
The gnoll is heavily wounded.
You kill the jackal!
A jackal comes into view.
The jackal barks!
You hit the gnoll.
The gnoll is severely wounded.
The gnoll hits you with a +0 flail.
* * * LOW HITPOINT WARNING * * *
You closely miss the gnoll.
The gnoll is severely wounded.
A jackal comes into view.
Your magical contamination has completely faded away.
You barely miss the gnoll.
The gnoll is severely wounded.
The gnoll hits you with a +0 flail!
* * * LOW HITPOINT WARNING * * *
The gnoll hits you with a +0 flail.
* * * LOW HITPOINT WARNING * * *
Okay, then.
You can't drink.
You have nothing you can fire or use right now.
You aren't carrying any items that you can evoke.
Unknown command.
Unknown command.
The gnoll attacks as you move away! The gnoll hits you with a +0 flail!
You die...

#...........#
#...........#
#...........#
#...........######
#####.............
#.............
#....†........
#...##'##############
#...#.....g@........#
#...#....)h.).......#
#...#..###########..#
#...#..#.........'..#
#...#..#<........#..#
#..$#..#.........#..#
#..#.........#..#
#..#.........#..#
#..#.........#..#


You could see a gnoll (very poisoned) and a jackal.

Vanquished Creatures
  2 gnolls (D:3)
  An adder (D:2)
  A worm (D:2)
  A dart slug (D:1)
  3 ball pythons (D:1)
  5 endoplasms
  4 giant cockroaches
  3 goblins
  6 hobgoblins
  4 jackals
  7 kobolds
  A quokka (D:1)
  4 bats
  A frilled lizard (D:1)
  3 rats (D:1)
46 creatures vanquished.

Notes
Turn   | Place    | Note
-------+----------+-------------------------------------------
     0 | D:1      | iguanaiguana the Mummy Venom Mage began the quest for the
                  | Orb.
     0 | D:1      | Reached XP level 1. HP: 13/13 MP: 4/4
   286 | D:1      | Reached XP level 2. HP: 19/19 MP: 2/5
   348 | D:1      | Learned a level 2 spell: Poisonous Vapours
   468 | D:1      | Found Taruckaa's Weapon Shoppe.
   886 | D:1      | Gained mutation: You are in touch with the powers of death.
                  | [Mummy growth]
   886 | D:1      | Reached XP level 3. HP: 18/24 MP: 1/7
  1171 | D:1      | Found a faded altar of an unknown god.
  1364 | D:2      | Reached skill level 1 in Air Magic
  1490 | D:2      | Found Piuzxyel's Distillery.
  2441 | D:3      | Reached XP level 4. HP: 29/30 MP: 2/8
  2559 | D:3      | Mangled by a gnoll

Illustrated notes

Levels and vault maps discovered:
D:1:      psy_arrival_conway, layout_loops_ring, serial_shops, shop,
          hellmonk_ecumenical_altar_heavens_door
D:2:      layout_basic, serial_shops, nicolae_diamond_shop, minivault_24,
          minmay_misc_feat_rows, minmay_misc_feat_iff
D:3:      layout_basic, uniq_sigmund

Skill      XL: |  1  2  3  4 |
---------------+-------------+-----
Stealth        | 2 3 |  3.0
Air Magic      | 2 |  2.0
Spellcasting   | 3 |  3.1
Dodging        | |  1.5
Transmutations | |  0.7
Poison Magic   | |  2.4

Action                     |  1- 3 |  4- 6 || total
---------------------------+-------+-------++-------
  Melee: Unarmed           |     1 |       ||     1
         Staff             |    46 |     5 ||    51
         Punch             |     1 |       ||     1
   Cast: Sting             |    89 |     7 ||    96
         Poisonous Vapours |     3 |     2 ||     5
 Armour: Robe              |    21 |       ||    21
  Dodge: Dodged            |    72 |     5 ||    77

Table legend: (Time is in decaauts)
 A = Elapsed time spent in this place.
 B = Non-inter-level travel time spent in this place.
 C = Inter-level travel time spent in this place.
 D = Time resting spent in this place.
 E = Time spent auto-exploring this place.
 F = Levels seen in this place.
 G = Mean time per level.
                   A        B        C        D        E       F      G
               +--------+--------+--------+--------+--------+-----+--------+
         Total |   2572 |   2534 |     38 |      3 |   2123 |   3 |  857.3 |
       Dungeon |   2572 |   2534 |     38 |      3 |   2123 |   3 |  857.3 |
               +--------+--------+--------+--------+--------+-----+--------+

Top non-repeatable levels by time:
     D:1: 1269 daAuts
     D:2: 1013 daAuts
     D:3: 289 daAuts
